 Dungeon Crawl Stone Soup version 0.27.1-2-g3b301248ec (webtiles) character file.

Game seed: 3077322305169127358

7674 Urokeeper the Cleaver (level 11, -1/97 HPs)
             Began as a Hill Orc Fighter on Sept 27, 2021.
             Was a Priest of Makhleb.
             Slain by a seven-headed hydra (9 damage)
             ... on level 9 of the Dungeon.
             The game lasted 00:34:34 (10418 turns).

Urokeeper the Cleaver (Hill Orc Fighter)           Turns: 10418, Time: 00:34:35

Health: -1/97      AC: 19    Str: 29    XL:     11   Next: 18%
Magic:  0/11       EV:  7    Int:  8    God:    Makhleb [***...]
Gold:   410        SH: 12    Dex: 10    Spells: 10/10 levels left

rFire    . . .     SeeInvis .   F - +3 flail
rCold    . . .     Faith    .   c - +0 kite shield
rNeg     . . .     Spirit   +   W - +0 plate armour
rPois    .         Reflect  .   (no helmet)
rElec    .         Harm     .   V - scarf {repulsion}
rCorr    .         Rampage  .   (no gloves)
Will     .....                  X - +0 pair of boots
Stlth    ..........             R - amulet of guardian spirit
HPRegen  0.26/turn              t - +6 ring of strength
MPRegen  0.12/turn              l - +4 ring of protection

@: repel missiles
A: no striking features
a: Renounce Religion, Minor Destruction, Lesser Servant of Makhleb


You were on level 9 of the Dungeon.
You worshipped Makhleb.
Makhleb was most pleased with you.
You visited 3 branches of the dungeon, and saw 11 of its levels.

You collected 410 gold pieces.

Inventory:

Hand Weapons
 a - a +0 war axe
 w - a +1 dagger of venom
 C - a +2 hand axe of electrocution
 E - a +2 battleaxe
 F - a +3 flail (weapon)
 I - a +0 vorpal trident
 Q - a +0 vorpal war axe
Missiles
 f - 2 atropa-tipped darts
 j - 5 curare-tipped darts (quivered)
 k - 78 poisoned darts
 K - 5 throwing nets
 L - 3 javelins
Armour
 b - a +0 scale mail
 c - a +0 kite shield (worn)
 m - a +0 cloak
 q - a +0 chain mail
 G - a +3 leather armour of cold resistance
 P - a +1 cloak of willpower
 S - the +7 leather armour of the Northern Lights {Harm Str-4 Int+3}
   (You found it on level 8 of the Dungeon)

   Str:       It affects your strength (-4).
   Int:       It affects your intelligence (+3).
   Harm:      It increases damage dealt and taken.
 V - a scarf of repulsion (worn)
 W - a +0 plate armour (worn)
 X - a +0 pair of boots (worn)
Jewellery
 l - a +4 ring of protection (right hand)
 t - a +6 ring of strength (left hand)
 D - a ring of protection from cold
 M - a +6 ring of dexterity
 N - the ring of Puuplub {rF+ rCorr Str+3 Int+5}
   (You found it on level 7 of the Dungeon)

   [ring of protection from fire]

   Str:       It affects your strength (+3).
   Int:       It affects your intelligence (+5).
   rF:        It protects you from fire.
   rCorr:     It protects you from acid and corrosion.
 R - an amulet of guardian spirit (around neck)
 T - a ring of flight
Wands
 d - a wand of charming (14)
 s - a wand of iceblast (7)
 x - a wand of digging (7)
 y - a wand of mindburst (13)
Scrolls
 e - a scroll of amnesia
 g - 2 scrolls of fear {unknown}
 h - a scroll of summoning {unknown}
 r - 2 scrolls of enchant weapon {unknown}
 u - 2 scrolls of vulnerability {unknown}
 v - 2 scrolls of teleportation {unknown}
 H - a scroll of noise {unknown}
 J - a scroll of enchant armour {unknown}
 O - a scroll of acquirement {unknown}
 U - a scroll of holy word {unknown}
Potions
 i - a potion of cancellation
 n - a potion of curing
 o - 2 potions of attraction
 p - 3 potions of heal wounds
 z - 2 potions of resistance {unknown}
 A - a potion of brilliance
 B - a potion of mutation {unknown}


   Skills:
 + Level 9.0 Fighting
 + Level 13.7 Axes
 + Level 1.2 Throwing
 + Level 9.3 Armour
 + Level 2.9 Dodging
 + Level 1.0 Stealth
 + Level 7.8 Shields


You had 10 spell levels left.
You didn't know any spells.
Your spell library contained the following spells:

 Spells                   Type           Power      Damage    Failure   Level
 Shock                    Conj/Air       0%         1d3       100%        1
 Summon Small Mammal      Summ           0%         N/A       100%        1
 Blink                    Tloc           N/A        N/A       100%        2
 Ensorcelled Hibernation  Hex/Ice        0%         N/A       100%        2
 Lesser Beckoning         Tloc           0%         N/A       100%        3
 Spider Form              Tmut/Pois      0%         N/A       100%        3
 Swiftness                Air            0%         N/A       100%        3
 Airstrike                Air            0%         N/A       100%        4
 Manifold Assault         Tloc           0%         N/A       100%        5
 Shadow Creatures         Summ           N/A        N/A       100%        6


Dungeon Overview and Level Annotations

Branches:
Dungeon (9/15)             Temple (1/1) D:4            Lair (1/6) D:9
    Orc: D:9-12

Altars:
Ashenzari
Cheibriados
Dithmenos
Elyvilon
Fedhas
Gozag
Hepliaklqana
Kikubaaqudgha
Makhleb
Nemelex Xobeh
Qazlal
Sif Muna
Trog
Uskayaw
Vehumet
Wu Jian
Xom
Yredelemnul
Zin
The Shining One


Message History

The seven-headed hydra bites you.
The seven-headed hydra bites you but does no damage.
The seven-headed hydra barely misses you.
The seven-headed hydra bites you! The bullfrog barely misses you.
You block the bullfrog's attack. The seven-headed hydra bites you!
The seven-headed hydra barely misses you.
The seven-headed hydra completely misses you.
The seven-headed hydra bites you.
The seven-headed hydra bites you but does no damage.
The seven-headed hydra barely misses you.
The seven-headed hydra bites you!
You climb upwards.
Welcome back to the Dungeon!
There is a staircase to the Lair here.
A demon appears!
It doesn't seem very happy.
The bullfrog hits you but does no damage.
The seven-headed hydra bites you but does no damage.
You block the seven-headed hydra's attack.
The seven-headed hydra bites you but does no damage.
The seven-headed hydra bites you! x2
* * * LOW HITPOINT WARNING * * *
You block the seven-headed hydra's attack.
The seven-headed hydra closely misses you.
The bullfrog hits you but does no damage.
You hit the seven-headed hydra.
The seven-headed hydra is moderately wounded.
The bullfrog hits you but does no damage.
The seven-headed hydra bites you but does no damage. x4
The seven-headed hydra bites you!
* * * LOW HITPOINT WARNING * * *
The seven-headed hydra bites you.
* * * LOW HITPOINT WARNING * * *
The seven-headed hydra bites you but does no damage.
You block the bullfrog's attack.
You bludgeon the seven-headed hydra!!
The seven-headed hydra is severely wounded.
You block the seven-headed hydra's attack.
The seven-headed hydra bites you but does no damage.
The seven-headed hydra bites you!
You die...

.......#........
#.###...#...####...
#...........# ##...
#####...#...###..##
#.....#######.....### #
#.##### ##.........##.#
#....#####...........#.#
####.##.[..............#
#.##))).....@D......#
#..[.#.....F3......##
#######...........##
##.........##
###.....### ##..### #.##
#.# #.


You could see a seven-headed hydra, a smoke demon (summoned) and a bullfrog.

Vanquished Creatures
  Harold (D:7)
  Pikel (D:6)
  The ghost of packetloss the Sneak, a novice GnEn of Yredelemnul (D:7)
  A gargoyle (D:8)
  A kobold demonologist (D:9)
  A hornet (D:7)
  Eustachio (D:4)
  A steam dragon (D:9)
  A water moccasin (D:5)
  An acid dragon (D:8)
  Duvessa (D:6)
  2 hornet zombies
  5 orc warriors
  2 sky beasts
  An ice beast (D:6)
  2 ogres (D:5)
  2 black bears
  2 necrophages
  5 centaurs
  3 kobold brigands
  2 gnoll sergeants
  2 scorpions (D:6)
  A bullfrog (D:6)
  Dowan (D:6)
  3 killer bees (D:8)
  2 water moccasin skeletons (D:6)
  16 wights
  4 howler monkeys
  A centaur zombie (D:6)
  3 hounds
  A gnoll shaman (D:5)
  4 quasits (D:7)
  8 orc priests
  Crazy Yiuf (D:7)
  A bullfrog skeleton (D:6)
  2 centaur skeletons
  A scorpion zombie (D:5)
  An iguana (D:6)
  11 orc wizards
  A hound skeleton (D:4)
  16 gnolls
  12 adders
  An adder skeleton (D:4)
  A worm (D:5)
  A dart slug (D:2)
  33 orcs
  3 ball pythons (D:1)
  5 endoplasms
  2 giant cockroaches (D:1)
  7 goblins
  7 hobgoblins
  6 quokkas
  3 bats
  5 frilled lizards
  6 kobolds
  5 rats
214 creatures vanquished.

Vanquished Creatures (others)
  An orc priest (D:9)
  2 orc wizards (D:4)
  3 fungi (D:7)
  2 plants (D:9)
8 creatures vanquished.

Grand Total: 222 creatures vanquished

Notes
Turn   | Place    | Note
-------+----------+-------------------------------------------
     0 | D:1      | Urokeeper the Hill Orc Fighter began the quest for the Orb.
     0 | D:1      | Reached XP level 1. HP: 19/19 MP: 1/1
    82 | D:1      | Reached XP level 2. HP: 25/27 MP: 2/2
   159 | D:1      | Reached skill level 3 in Axes
   524 | D:1      | Reached XP level 3. HP: 33/33 MP: 3/3
   741 | D:2      | Found a faded altar of an unknown god.
  1680 | D:3      | Reached XP level 4. HP: 41/41 MP: 4/4
  1976 | D:3      | Reached skill level 4 in Axes
  2594 | D:4      | Found a staircase to the Ecumenical Temple.
  2608 | D:4      | Reached XP level 5. HP: 46/47 MP: 5/5
  2650 | Temple   | Entered the Ecumenical Temple
  2829 | Temple   | Became a worshipper of Makhleb the Destroyer
  3163 | D:4      | Noticed a kobold brigand
  3180 | D:4      | Killed a kobold brigand
  3181 | D:4      | Reached skill level 5 in Axes
  3363 | D:4      | Reached XP level 6. HP: 53/53 MP: 6/6
  3377 | D:4      | Found a radiant altar of Vehumet.
  3463 | D:4      | Found an ancient bone altar of Kikubaaqudgha.
  3479 | D:4      | Found a shimmering blue altar of Sif Muna.
  3507 | D:4      | Reached skill level 6 in Axes
  3558 | D:4      | Got Sif Muna's Papyrus of the Entourage
  4139 | D:4      | Noticed Eustachio
  4154 | D:4      | Killed Eustachio
  4155 | D:4      | Reached skill level 5 in Fighting
  4155 | D:4      | Reached skill level 5 in Armour
  4155 | D:4      | Reached XP level 7. HP: 54/61 MP: 7/7
  4437 | D:5      | Entered Level 5 of the Dungeon
  4453 | D:5      | Reached skill level 7 in Axes
  4453 | D:5      | Reached skill level 1 in Dodging
  4849 | D:5      | Reached * piety under Makhleb
  4850 | D:5      | Reached skill level 5 in Shields
  4850 | D:5      | Reached XP level 8. HP: 69/69 MP: 8/8
  4865 | D:5      | Reached skill level 8 in Axes
  5037 | D:5      | Found a glowing golden altar of the Shining One.
  5941 | D:6      | Reached skill level 9 in Axes
  6069 | D:6      | Noticed Dowan
  6069 | D:6      | Noticed Duvessa
  6099 | D:6      | Killed Dowan
  6105 | D:6      | Killed Duvessa
  6273 | D:6      | Reached XP level 9. HP: 67/72 MP: 9/9
  6358 | D:6      | Reached skill level 10 in Axes
  6884 | D:6      | Reached skill level 11 in Axes
  7184 | D:7      | Found a shadowy altar of Dithmenos.
  7187 | D:7      | Noticed Pikel
  7198 | D:7      | Reached ** piety under Makhleb
  7217 | D:6      | Killed Pikel
  7427 | D:7      | Reached skill level 12 in Axes
  7428 | D:7      | Found a bloodstained altar of Trog.
  7469 | D:7      | Reached XP level 10. HP: 73/86 MP: 10/10
  7783 | D:7      | Found a transporter.
  7797 | D:7      | Found a transporter.
  7808 | D:7      | Noticed packetloss's ghost (novice GnEn)
  7817 | D:7      | Noticed Harold
  7838 | D:7      | Killed Harold
  7839 | D:7      | Reached skill level 1 in Throwing
  8033 | D:7      | Killed packetloss's ghost
  8045 | D:7      | Identified the ring of Puuplub {rF+ rCorr Str+3 Int+5}
  8540 | D:7      | Found a runed translucent door.
  8541 | D:7      | Noticed Crazy Yiuf
  8547 | D:7      | Killed Crazy Yiuf
  8602 | D:8      | Found an ornate altar of the Wu Jian Council.
  8605 | D:8      | Reached skill level 13 in Axes
  8765 | D:8      | Found a white marble altar of Elyvilon.
  8889 | D:8      | Noticed a gargoyle
  8898 | D:8      | Killed a gargoyle
  9063 | D:8      | Reached *** piety under Makhleb
  9566 | D:8      | Found a glowing silver altar of Zin.
  9610 | D:8      | Found an opulent altar of Gozag.
  9709 | D:8      | Identified the +7 leather armour of the Northern Lights
                  | {Harm Str-4 Int+3}
  9860 | D:8      | Found a shimmering altar of Xom.
 10048 | D:9      | Reached XP level 11. HP: 85/95 MP: 8/11
 10193 | D:9      | Reached skill level 1 in Stealth
 10247 | D:9      | Found a staircase to the Lair.
 10403 | Lair:1   | Entered Level 1 of the Lair of Beasts
 10403 | Lair:1   | Noticed a seven-headed hydra
 10418 | D:9      | Slain by a seven-headed hydra

Illustrated notes

Levels and vault maps discovered:
D:1:      wander_arrival_desolate, layout_loops_ring
D:2:      layout_loops_ring, basic_ecumenical_altar,
          wander_ebering_terrifying_dragon_lair
D:3:      layout_basic
D:4:      layout_basic, palyth_temple_overflow_mages, minmay_temple_entry_trees,
          uniq_eustachio
D:5:      layout_basic, tso_altar, st_stairs_12, kennysheep_generic_room_6
D:6:      layout_basic, uniq_duvessa
D:7:      layout_cave_pools, chequers_temple_overflow_statue_of_worship,
          gammafunk_ghost_stat_death, nicolae_sextant, minmay_misc_feat_five,
          uniq_harold, uniq_pikel, uniq_crazy_yiuf_cottage
D:8:      layout_cave_pods, pdpol_temple_overflow_zin_treasury_gozag_greed,
          kennysheep_mini_moat, mainiacjoe_overflow_surrounded_room,
          mainiacjoe_overflow_tiny_flanked
D:9:      layout_basic, erik_lair_orcish_takeover,
          kennysheep_orc_monster_closet_entryway
Temple:   nicolae_temple_figure_zero
Lair:1:   layout_cave_shapes, ebering_ghost_funeral_grove, lemuel_fruit_tree

Skill      XL: |  1  2  3  4  5  6  7  8  9 10 11 |
---------------+----------------------------------+-----
Fighting       | 4 5 6 7 8 9 |  9.0
Axes           | 3 4 5 6 7 9 12 13 | 13.7
Armour         | 4 5 6 7 8 9 |  9.3
Shields        | 4 5 7 |  7.8
Dodging        | 1 2 |  2.9
Throwing       | 1 |  1.2
Stealth        | 1 |  1.0

Action                   |  1- 3 |  4- 6 |  7- 9 | 10-12 || total
-------------------------+-------+-------+-------+-------++-------
Melee: War axe           |   103 |   133 |   153 |    64 ||   453
       Battleaxe         |       |       |   108 |       ||   108
       Hand axe          |       |       |    23 |   183 ||   206
       Flail             |       |       |       |     6 ||     6
Throw: Dart              |       |       |     5 |     2 ||     7
Invok: Lesser Servant of |       |       |       |     1 ||     1
  Use: Potion            |       |     1 |     2 |     2 ||     5
       Scroll            |       |       |     5 |     1 ||     6
Armor: Scale mail        |    36 |       |       |       ||    36
       Chain mail        |     8 |   150 |   161 |   110 ||   429
       Plate armour      |       |       |       |    25 ||    25
Dodge: Dodged            |    26 |    45 |   108 |   107 ||   286
       Repelled          |       |       |       |     1 ||     1
Block: Kite shield       |    58 |    70 |    88 |   148 ||   364
